 Dungeon Crawl Stone Soup version 0.29-a0-231-g945431f764 (webtiles) character file.

Game seed: 16528261194744606857

0 Colgate the Skirmisher (level 1, -16/18 HPs)
             Began as a Formicid Abyssal Knight on Mar 1, 2022.
             Was a Follower of Lugonu.
             Killed from afar by a blizzard demon (19 damage)
             ... with a bolt of cold
             ... on level 1 of the Abyss.
             The game lasted 00:02:08 (339 turns).

Colgate the Skirmisher (Formicid Abyssal Knight)     Turns: 339, Time: 00:02:09

Health: -16/18     AC:  3    Str: 17    XL:     1   Next: 0%
Magic:  2/2        EV: 11    Int:  9    God:    Lugonu [*.....]
Gold:   0          SH:  0    Dex: 11    Spells: 0/0 levels left

rFire   . . .      SeeInvis +   a - +1 spear
rCold   . . .      Faith    .   (no shield)
rNeg    . . .      Spirit   .   b - +0 leather armour
rPois   .          Reflect  .   (helmet unavailable)
rElec   .          Harm     .   (no cloak)
rCorr   .          Rampage  .   (no gloves)
Will    .....                   (no boots)
Stlth   +.........              (no amulet)
HPRegen 0.06/turn               (no ring)
MPRegen 0.08/turn               (no ring)

@: no status effects
A: permanent stasis, dig shafts and tunnels, antennae 3, four strong arms
a: Dig, Shaft Self, Renounce Religion, Depart the Abyss


You were on level 1 of the Abyss.
You worshipped Lugonu.
Lugonu was aware of your devotion.
You visited 0 branches of the dungeon, and saw 0 of its levels.
You visited the Abyss 1 time.

Inventory:

Hand Weapons
 a - a +1 spear (weapon)
Armour
 b - a +0 leather armour (worn)


   Skills:
 - Level 3.2 Fighting
 + Level 2.0 Polearms
 - Level 2.1 Armour
 - Level 0.8 Dodging
 - Level 2.1 Invocations


You couldn't memorise any spells.
You didn't know any spells.
Your spell library was empty.

Dungeon Overview and Level Annotations

Branches:
Dungeon (0/15)

Altars:


Innate Abilities, Weirdness & Mutations

You cannot be hasted, slowed, berserked, paralysed or teleported.
You can dig through walls and to a lower floor.
You have a pair of large antennae on your head. (SInv)
Your four strong arms can wield two-handed weapons with a shield.


Message History

Okay, then.
You reach to attack!
You hit the ufetubus. You completely miss the ufetubus.
The ufetubus closely misses you.
The ufetubus hits you but does no damage.
The ufetubus barely misses you. The ufetubus hits you.
You closely miss the ufetubus. The ufetubus closely misses you.
The ufetubus barely misses you.
You closely miss the ufetubus. The ufetubus hits you.
The ufetubus hits you but does no damage. x3
You barely miss the ufetubus.
The ufetubus hits you but does no damage.
The ufetubus hits you.
You hit the ufetubus.
You kill the ufetubus!
That felt strangely unrewarding.
Found a bloodstained altar of Trog.
There is a bloodstained altar of Trog here.
You start resting.
You are suddenly pulled into a different region of the Abyss!
HP restored.
A starcursed mass appears in a shower of translocational energy.
Here: a starcursed mass (translocational energy)
The floor.
Unknown command.
A blizzard demon and a quasit come into view.
The blizzard demon shouts!
The quasit gives a chilling moan.
A starcursed mass splits.
A ynoxinul comes into view.
The ynoxinul bellows!
A starcursed mass splits.
A chorus of shrieks assaults your mind.
Ouch! That really hurt!
A chorus of shrieks assaults your mind.
* * * LOW HITPOINT WARNING * * *
A starcursed mass splits.
A starcursed mass splits.
The blizzard demon gestures at you. The bolt of cold hits you!!
Ouch! That really hurt!
You die...

#. .. #.. .. ..# ###
.## #..# . ..#. ..
..#.# #. ... ######.
#.#.#
####.####.#...##...#
#..# ...#.....@...#..
#..## {##..........#
#..#..#{#2#...#.###..
#..X{.XX#..#...# #
#.#.X#...#..#..# ##
#.#....###.#.. ##
#.####.{.. ..#.
#...5.# .#.# .. ## #.
##..# ...3# ..


You could see 3 starcursed masses and a blizzard demon.

Vanquished Creatures
  An ufetubus (Abyss:1)
1 creature vanquished.

Notes
Turn   | Place    | Note
-------+----------+-------------------------------------------
     0 | Abyss:1  | Colgate the Formicid Abyssal Knight began the quest for the
                  | Orb.
     0 | Abyss:1  | Reached XP level 1. HP: 18/18 MP: 2/2
   197 | Abyss:1  | Found a bloodstained altar of Trog.
   327 | Abyss:1  | Noticed a starcursed mass
   331 | Abyss:1  | Noticed a blizzard demon
   331 | Abyss:1  | Noticed a quasit
   334 | Abyss:1  | Noticed a ynoxinul
   339 | Abyss:1  | Killed from afar by a blizzard demon

Illustrated notes

Levels and vault maps discovered:
Abyss:1:  base: Temple, base:
Temple

Action                   || total
-------------------------++-------
Melee: Spear             ||     6
Armor: Leather armour    ||     5
Dodge: Dodged            ||     4

Table legend: (Time is in decaauts)
 A = Elapsed time spent in this place.
 B = Non-inter-level travel time spent in this place.
 C = Inter-level travel time spent in this place.
 D = Time resting spent in this place.
 E = Time spent auto-exploring this place.
 F = Levels seen in this place.
 G = Mean time per level.
                   A        B        C        D        E       F      G
               +--------+--------+--------+--------+--------+-----+--------+
         Total |    339 |    339 |      0 |     27 |    192 |   1 |  339.0 |
         Abyss |    339 |    339 |      0 |     27 |    192 |   1 |  339.0 |
               +--------+--------+--------+--------+--------+-----+--------+

Top non-repeatable levels by time:
 Abyss:1: 339 daAuts
